Map: Blueshift LE

Players

Volk - Winner!

  • Race: Protoss Protoss
  • League: Diamond
  • Spawn Location: 1:00

Woogie

  • Race: Zerg Zerg
  • League: Diamond
  • Spawn Location: 7:00

VOD

Have the link to the VOD?

Description

Getting killed by Protoss timings.

Time

  • Played on: Sept. 20, 2018, 9:43 p.m.
  • Length: 8:09
Show
View Real Time Build Order
Export as new Build Order

Volk Protoss - Winner!

Build Orders: 1 Gate Expand 

Get SALT Encoding   

  12  0:00  Probe  
  13  0:12  Probe  
  14  0:20  Pylon  
  14  0:25  Probe  
  15  0:38  Probe  
  15  0:40  Gateway  
  16  0:46  Assimilator, Probe  
  16  0:54  Probe  
  18  1:04  Probe  
  19  1:16  Probe  
  20  1:36  Nexus  
  20  1:40  Cybernetics Core  
  20  1:42  Probe  
  21  1:49  Assimilator  
  21  1:54  Probe  
  21  1:59  Pylon  
  22  2:08  Adept  
  22  2:13  Gateway  
  22  2:21  Warp Gate  
  23  2:34  Robotics Facility  
  23  2:37  Probe  
  23  2:43  Adept  
  26  3:07  Probe  
  26  3:09  Probe  
  28  3:14  Stalker  
  28  3:15  Probe  
  31  3:21  Probe  
  31  3:24  Gateway, Probe  
  32  3:30  Pylon  
  32  3:33  Probe x2  
  34  3:37  Immortal  
  35  3:45  Probe  
  40  3:51  Probe  
  41  3:57  Probe  
  42  4:03  Twilight Council, Probe  
  42  4:09  Pylon  
  43  4:22  Observer  
  44  4:25  Stalker  
  44  4:30  Stalker  
  48  4:36  Stalker  
  50  4:42  Charge  
  50  4:43  Immortal  
  53  5:15  Gateway  
  53  5:17  Gateway  
  53  5:25  Adept  
  53  5:26  Adept x2  
  56  5:37  Gateway  
  56  5:38  Gateway  
  56  5:39  Gateway  
  56  5:47  Adept  
  58  5:51  Probe  
  59  5:58  Warp Prism  
  59  5:59  Probe  
  60  6:04  Pylon x2  
  62  6:21  Probe  
  62  6:23  Pylon  
  62  6:25  Pylon  
  63  6:31  Zealot  
  65  6:49  Zealot x7  
  79  7:17  Zealot  
  79  7:18  Zealot x6  
  93  7:25  Stalker  
  85  7:41  Stalker x5  
  83  7:57  Stalker x3  
Show
View Real Time Build Order
Export as new Build Order

Woogie Zerg 

Build Orders: Pool First 

Get SALT Encoding   

  12  0:04  Drone  
  13  0:12  Overlord  
  13  0:16  Drone  
  14  0:31  Drone x2  
  16  0:37  Drone  
  17  0:51  Spawning Pool  
  17  0:56  Drone  
  17  1:00  Extractor  
  17  1:03  Drone  
  17  1:17  Drone  
  18  1:20  Hatchery  
  18  1:23  Drone  
  18  1:31  Drone  
  19  1:40  Queen  
  19  1:43  Overlord  
  21  1:54  Zergling x2  
  22  2:04  Drone  
  23  2:15  Drone  
  24  2:20  Queen  
  26  2:24  Drone  
  26  2:25  Extractor  
  26  2:36  Drone x2, Queen  
  30  2:47  Drone x2  
  32  2:52  Baneling Nest  
  32  2:55  Drone x3  
  32  2:56  Drone  
  35  3:09  Lair  
  35  3:14  Evolution Chamber  
  34  3:22  Overlord x2  
  34  3:24  Drone x2  
  36  3:41  Zergling x4  
  36  3:42  Zergling x8  
  36  3:44  Zerg Melee Weapons Level 1  
  42  3:50  Evolution Chamber  
  41  3:59  Drone x4  
  45  4:03  Metabolic Boost  
  45  4:16  Zerg Ground Armor Level 1  
  45  4:18  Drone  
  45  4:19  Drone x4  
  50  4:34  Pneumatized Carapace  
  50  4:50  Hatchery  
  49  4:53  Spire, Drone  
  49  4:54  Drone x3  
  49  4:57  Overlord  
  49  4:58  Overlord  
  52  5:01  Extractor  
  52  5:02  Extractor  
  48  5:36  Drone  
  48  5:37  Drone x4  
  51  5:46  Overlord x3  
  51  5:47  Drone  
  51  5:48  Drone x3  
  55  6:16  Mutalisk  
  55  6:17  Mutalisk x5  
  66  6:19  Drone x2  
  66  6:20  Drone x4  
  66  6:23  Extractor  
  71  6:26  Queen x3  
  71  6:27  Extractor  
  71  6:29  Baneling x2  
  76  6:35  Zergling x6  
  79  6:47  Overlord  
  79  6:48  Overlord x4  
  79  6:53  Zergling x4  
  80  7:18  Baneling x2  
  80  7:19  Baneling  
  80  7:20  Zergling x8  
  80  7:21  Zergling x18  
  79  7:37  Zergling x2  
  79  7:38  Zergling x10  
  79  7:44  Mutalisk x4  
  63  7:55  Baneling x2  
Tags
 
Add a new tag
Caveats
  • Supply blocks, unpowered buildings, or Contaminate may cause inaccurate times.
  • Supply counts are checked every 10 seconds.